 Dungeon Crawl Stone Soup version 0.31-a0-365-gcf821cafb2 (webtiles) character file.

Game seed: 9531910526752120122

8 drugrobin the Sneak (level 1, -1/18 HPs)
             Began as a Demigod Delver on July 28, 2023.
             Slain by a hound (4 damage)
             ... on level 4 of the Dungeon.
             The game lasted 00:01:01 (242 turns).

drugrobin the Sneak (Demigod Delver)                 Turns: 242, Time: 00:01:02

Health: -1/18      AC:  3    Str: 13    XL:     1   Next: 80%
Magic:  3/3        EV: 12    Int: 12    God:
Gold:   10         SH:  0    Dex: 15    Spells: 0/0 levels left

rFire   . . .        a - +0 hand axe
rCold   . . .        (no shield)
rNeg    . . .        b - +0 leather armour
rPois   .            (no helmet)
rElec   .            (no cloak)
rCorr   .            (no gloves)
SInv    .            (no boots)
Will    .....        (no amulet)
Stlth   +++          (no ring)
HPRegen 0.23/turn    (no ring)
MPRegen 0.08/turn

%: no passive effects
@: brilliant, attractive, hasted, very quick
A: high MP 1, forlorn, divine attributes
a: no special abilities


You were on level 4 of the Dungeon.
You visited 1 branch of the dungeon, and saw 3 of its levels.

You collected 10 gold pieces.

Inventory:

Hand Weapons
 a - a +0 hand axe (weapon)
Armour
 b - a +0 leather armour (worn)
Wands
 g - a wand of digging (3)
Scrolls
 c - a scroll of fog
 d - a scroll of revelation
 e - a scroll of fear
 j - a scroll of identify {unknown}


   Skills:
 - Level 2.7 Fighting
 + Level 2.4 Axes
 - Level 1.8 Dodging
 - Level 4.5 Stealth


You couldn't memorise any spells.
You didn't know any spells.
Your spell library was empty.

Dungeon Overview and Level Annotations

Branches:
Dungeon (5/15)
 Temple: D:4-7

Shops:
D:5 ((


Innate Abilities, Weirdness & Mutations

You have an increased reservoir of magic. (+10% MP)
You shall have no god before yourself.
Your divine heritage dramatically boosts your attributes as you level up.


Message History

The giant cockroach bites you but does no damage.
The giant cockroach bites you.
You completely miss the giant cockroach.
The giant cockroach is almost dead.
The giant cockroach misses you.
You hit the giant cockroach but do no damage.
The giant cockroach is almost dead.
The giant cockroach barely misses you.
The giant cockroach bites you but does no damage.
The adder hisses angrily.
You slash the giant cockroach!
You kill the giant cockroach!
The hound closely misses you.
You miss the hound. The hound bites you but does no damage.
The hound bites you.
Unknown command.
You barely miss the hound. The hound bites you.
The hound bites you but does no damage.
It was a potion of attraction.
You feel attractive to monsters. The hound closely misses you.
Unknown command.
It was a potion of brilliance.
You feel clever all of a sudden. The hound bites you.
The hound barely misses you.
Unknown command.
You barely miss the hound. The hound barely misses you.
Unknown command.
Unknown command.
You hit the hound.
The hound is lightly wounded.
The hound bites you.
* * * LOW HITPOINT WARNING * * *
The hound bites you.
* * * LOW HITPOINT WARNING * * *
Unknown command.
You feel yourself speed up.
The hound pauses to sniff the ground.
The hound bites you.
You die...

#.. ..# ##.. #.##
#.... #..# #....
#.. .......
#..#.# #.†S# #.
#h# #.# #@# #.#
##.## #.##
#####...# #..#
#.....#.# #..#
#.###...#
#..###.# #####
#......#
######...##.###
..............###


You could see a hound and an adder.

Vanquished Creatures
  A ball python (D:4)
  2 giant cockroaches
  A kobold (D:3)
  A quokka (D:3)
  A bat (D:3)
  A rat (D:3)
7 creatures vanquished.

Notes
Turn   | Place    | Note
-------+----------+-------------------------------------------
     0 | D:5      | drugrobin the Demigod Delver began the quest for the Orb.
     0 | D:5      | Reached XP level 1. HP: 18/18 MP: 3/3
   229 | D:4      | Noticed a hound
   242 | D:4      | Slain by a hound

Illustrated notes

Levels and vault maps discovered:
D:3:      layout_loops_cross, serial_shops, nicolae_shop_tiny_glass
D:4:      layout_loops_ring, serial_shops, shop,
          eino_small_chamber_without_monster, minmay_unequal
D:5:      layout_rooms, kennysheep_vampire_church,
          nicolae_ossuary_entry_false_entrances, serial_shops,
          nicolae_stop_n_shop_2, shop, minivault_1, minmay_misc_feat_iff,
          minmay_puff, uniq_ijyb

Skill      XL: |  1 |
---------------+----+-----
Axes           | 2 |  2.4
Fighting       | |  2.7
Dodging        | |  1.8
Stealth        | |  4.5

Action                     || total
---------------------------++-------
  Melee: Hand axe          ||    21
    Use: Potion            ||     3
   Stab: Sleeping          ||     2
 Armour: Leather armour    ||     6
  Dodge: Dodged            ||    11

Table legend: (Time is in decaauts)
 A = Elapsed time spent in this place.
 B = Non-inter-level travel time spent in this place.
 C = Inter-level travel time spent in this place.
 D = Time resting spent in this place.
 E = Time spent auto-exploring this place.
 F = Levels seen in this place.
 G = Mean time per level.
                   A        B        C        D        E       F      G
               +--------+--------+--------+--------+--------+-----+--------+
         Total |    246 |    181 |     65 |      0 |     54 |   3 |   82.0 |
       Dungeon |    246 |    181 |     65 |      0 |     54 |   3 |   82.0 |
               +--------+--------+--------+--------+--------+-----+--------+

Top non-repeatable levels by time:
     D:3: 135 daAuts
     D:4: 87 daAuts
     D:5: 23 daAuts
